 Dungeon Crawl Stone Soup version 0.29.0-4-gdea44cf6ec (webtiles) character file.

Game seed: 2464437673367576456

75 qw the Chopper (level 4, 0/26 HPs)
             Began as a Tengu Warper on Aug 28, 2022.
             Slain by an orc wizard
             ... wielding a +0 dagger
              (1 damage)
             ... on level 3 of the Dungeon.
             The game lasted 00:00:12 (2169 turns).

qw the Chopper (Tengu Warper)                       Turns: 2169, Time: 00:00:13

Health: 0/26       AC:  3    Str: 13    XL:     4   Next: 31%
Magic:  8/8        EV: 12    Int: 14    God:
Gold:   98         SH:  0    Dex: 13    Spells: 7/7 levels left

rFire   . . .      SeeInvis .   Y - +0 hand axe
rCold   . . .      Faith    .   (no shield)
rNeg    . . .      Spirit   .   b - +0 leather armour
rPois   .          Reflect  .   (helmet restricted)
rElec   .          Harm     .   (no cloak)
rCorr   .          Rampage  .   (no gloves)
Will    .....                   (boots unavailable)
Stlth   +.........              (no amulet)
HPRegen 0.08/turn               (no ring)
MPRegen 0.11/turn               (no ring)

@: confused
A: beak, talons 3
a: no special abilities


You were on level 3 of the Dungeon.
You visited 1 branch of the dungeon, and saw 3 of its levels.

You collected 98 gold pieces.


Innate Abilities, Weirdness & Mutations

You have a beak for a mouth.
You have claws for feet.


   Skills:
 - Level 2.0 Fighting
 + Level 4.9 Axes
 - Level 1.0 Throwing
 - Level 1.1 Armour
 - Level 2.1 Dodging
 - Level 2.0 Spellcasting
 - Level 2.4 Translocations


You had 7 spell levels left.
You didn't know any spells.
Your spell library contained the following spells:

 Spells                   Type           Power      Damage    Failure   Level
 Blink                    Tloc           16%        N/A       17%         2
 Gell's Gravitas          Tloc           8%         N/A       34%         3
 Lesser Beckoning         Tloc           8%         N/A       34%         3
 Teleport Other           Tloc           8%         N/A       34%         3
 Manifold Assault         Tloc           8%         N/A       97%         5

Inventory:

Hand Weapons
 d - a +0 whip
 Y - a +0 hand axe (weapon)
Missiles
 i - 5 boomerangs (quivered)
Armour
 b - a +0 leather armour (worn)
Scrolls
 e - a scroll of identify
Potions
 c - a potion of degeneration {unknown}
 g - a potion of might
 h - a potion of attraction {unknown}
 j - a potion of brilliance {unknown}

Dungeon Overview and Level Annotations

Branches:
Dungeon (3/15)

Altars:
Makhleb


Message History

You claw the orc priest, but do no damage.
Your peck misses the orc priest. You hit the orc but do no damage.
You barely miss something. The orc priest hits you with a +0 mace.
Something hits you. The orc hits you with a +0 hand axe.
You hit the orc priest but do no damage.
You claw the orc priest.
You peck the orc priest, but do no damage.
The orc priest is moderately wounded.
You closely miss something. You barely miss the orc.
The orc priest hits you but does no damage.
Something hits you. The orc closely misses you.
2165 ||| DRINKING potion of heal wounds.
You feel much better. The orc priest hits you with a +0 mace.
You hear some strange, mumbled words.
A magic dart appears from out of thin air!
The magic dart hits you! The orc misses you.
You closely miss the orc priest.
The orc priest is moderately wounded.
You miss something. You hit the orc. The orc priest hits you with a +0 mace.
You hear some strange, mumbled words.
You are confused.
The orc hits you with a +0 hand axe. The orc priest hits you with a +0 mace.
Something hits you but does no damage.
Things that are here:
a +0 hand axe; an orc corpse You miss the orc priest.
You claw the orc priest. Your peck misses the orc priest.
The orc priest is heavily wounded.
You hit the orc but do no damage. You completely miss something.
The orc priest hits you but does no damage.
Something hits you. The orc barely misses you.
You hit the orc priest but do no damage.
Your kick misses the orc priest. Your punch misses the orc priest.
The orc priest is heavily wounded.
You barely miss the orc. You closely miss something. The orc priest misses you.
Something hits you.
You die...

#...###..##
##.##...#
###.....#.#
#%.....##.#
.......####....##
...........##...#
...............##
....#.###.#....#
...... #.#@o..+
...### #...o{..#
.. #....#....#
...#..)....#
.............
.....#..[....
...##....##....
..# ...### ....


You could see an orc priest and an orc.

Vanquished Creatures
  3 adders
  A dart slug (D:1)
  2 orcs (D:3)
  2 bats
  5 endoplasms
  2 giant cockroaches (D:1)
  A hobgoblin (D:1)
  6 jackals
  A quokka (D:1)
  3 ball pythons
  7 frilled lizards
  2 goblins (D:1)
  6 kobolds
  3 rats (D:1)
44 creatures vanquished.

Notes
Turn   | Place    | Note
-------+----------+-------------------------------------------
     0 | D:1      | qw the Tengu Warper began the quest for the Orb.
     0 | D:1      | Reached XP level 1. HP: 12/12 MP: 4/4
     0 | D:1      | 0 ||| qw: Version: 0.1-a-89-g26bdef1
     0 | D:1      | 0 ||| qw: Game counter: 2335
     0 | D:1      | 0 ||| qw: Always use a shield: true
     0 | D:1      | 0 ||| qw: God list: Okawaru
     0 | D:1      | 0 ||| qw: Allow faded altars: false
     0 | D:1      | 0 ||| qw: Do Orc after D:15 true
     0 | D:1      | 0 ||| qw: Do second Lair branch before Depths: true
     0 | D:1      | 0 ||| qw: Lair rune preference: random
     0 | D:1      | 0 ||| qw: Plans: Normal
     0 | D:1      | 0 ||| PLANNING D:1-11
    58 | D:1      | 58 ||| Stepping ~*~*~tactically~*~*~ (stealth).
    63 | D:1      | 63 ||| Stepping ~*~*~tactically~*~*~ (stealth).
    65 | D:1      | 65 ||| Stepping ~*~*~tactically~*~*~ (stealth).
    68 | D:1      | Reached XP level 2. HP: 17/17 MP: 6/6
    74 | D:1      | 74 ||| Stepping ~*~*~tactically~*~*~ (stealth).
    76 | D:1      | 76 ||| Stepping ~*~*~tactically~*~*~ (stealth).
    78 | D:1      | 78 ||| Stepping ~*~*~tactically~*~*~ (stealth).
    80 | D:1      | 80 ||| Stepping ~*~*~tactically~*~*~ (stealth).
    83 | D:1      | Reached skill level 3 in Axes
    84 | D:1      | 84 ||| Stepping ~*~*~tactically~*~*~ (stealth).
   153 | D:1      | 153 ||| Stepping ~*~*~tactically~*~*~ (stealth).
   172 | D:1      | HP: 3/17 [dart slug (3)]
   470 | D:1      | 470 ||| DROPPING +0 club.
   546 | D:1      | Reached XP level 3. HP: 20/21 MP: 7/7
   705 | D:1      | 705 ||| Stepping ~*~*~tactically~*~*~ (stealth).
   777 | D:1      | Found a faded altar of an unknown god.
   868 | D:1      | Found a burning altar of Makhleb.
   873 | D:1      | 873 ||| READING scroll labelled BOOKHL IPAUTOCW.
   876 | D:1      | 876 ||| DROPPING scroll of blinking.
  1074 | D:2      | 1074 ||| Stepping ~*~*~tactically~*~*~ (stealth).
  1086 | D:2      | Reached skill level 4 in Axes
  1882 | D:2      | 1882 ||| READING 3 scrolls labelled QOEPLA POCITI.
  1883 | D:2      | 1883 ||| READING scroll labelled RIDUL VANOEPA.
  1884 | D:2      | 1884 ||| READING scroll labelled SEGOVU AGINN.
  1885 | D:2      | 1885 ||| DRINKING 2 white potions.
  1886 | D:2      | 1886 ||| READING 2 scrolls of identify.
  1886 | D:2      | 1886 ||| IDENTIFYING bubbling puce potion
  1938 | D:3      | Reached XP level 4. HP: 26/26 MP: 8/8
  1978 | D:3      | 1978 ||| FLEEEEING.
  1979 | D:3      | 1979 ||| FLEEEEING.
  1980 | D:3      | 1980 ||| FLEEEEING.
  1985 | D:3      | 1985 ||| FLEEEEING.
  1986 | D:3      | 1986 ||| FLEEEEING.
  1987 | D:3      | 1987 ||| FLEEEEING.
  1991 | D:3      | 1991 ||| FLEEEEING.
  1992 | D:3      | 1992 ||| FLEEEEING.
  1993 | D:3      | 1993 ||| FLEEEEING.
  1994 | D:3      | 1994 ||| FLEEEEING.
  1995 | D:3      | 1995 ||| FLEEEEING.
  1996 | D:3      | 1996 ||| FLEEEEING.
  1997 | D:3      | 1997 ||| STAIRDANCE
  2053 | D:3      | 2053 ||| STAIRDANCE
  2164 | D:3      | HP: 5/26 [something (3)]
  2165 | D:3      | 2165 ||| DRINKING potion of heal wounds.
  2168 | D:3      | HP: 1/26 [something (3)]
  2169 | D:3      | Slain by an orc wizard

Levels and vault maps discovered:
D:1:      dpeg_arrival_water_altar, layout_rooms,
          dreamdust_ecumenical_altar_angels_and_demons
D:2:      layout_loops_ring, nicolae_concentric_dashed_squares_wild
D:3:      layout_rooms, minmay_goblin_kobold_house

Skill      XL: |  1  2  3 |
---------------+----------+-----
Axes           | 3 4 |  4.9
Fighting       | |  2.0
Throwing       | |  1.0
Armour         | |  1.1
Dodging        | |  2.1
Spellcasting   | |  2.0
Translocations | |  2.4

Action                   |  1- 3 |  4- 6 || total
-------------------------+-------+-------++-------
Melee: Hand axe          |    78 |    23 ||   101
       Kick              |    15 |     9 ||    24
       Peck              |     4 |     5 ||     9
Throw: Boomerang         |    13 |     4 ||    17
  Use: Scroll            |     5 |       ||     5
       Potion            |     1 |     1 ||     2
 Stab: Distracted        |     1 |       ||     1
Armor: Leather armour    |    23 |     7 ||    30
Dodge: Dodged            |    55 |    14 ||    69

Table legend:
 A = Non-vault XP
 B = Vault XP
 C = Vault XP percentage of total XP
 D = Non-vault monster count
 E = Vault monster count
 F = Vault count percentage of total count
                 A         B        C        D         E       F
            +---------+---------+-------+---------+---------+-------
      Total |     108 |       0 |   0.0 |      44 |       0 |   0.0
            +---------+---------+-------+---------+---------+-------
        D:1 |      39 |       0 |   0.0 |      25 |       0 |   0.0
        D:2 |      36 |       0 |   0.0 |       9 |       0 |   0.0
        D:3 |      33 |       0 |   0.0 |      10 |       0 |   0.0
            +---------+---------+-------+---------+---------+-------
